Marlies vs Reign
(R1)
Created - December 20, 2021 at 07:55
Goals
|
| Marlies |
1 |
1 |
2 |
4 |
| Reign |
2 |
0 |
0 |
2 |
|
Shots
|
| Marlies |
12 |
7 |
14 |
33 |
| Reign |
10 |
12 |
14 |
36 |
|
1st period
1. Marlies , Nick Ritchie 5 (Pavel Zacha 3, Tim Erixon 2) at 11:09
2. Reign , Alex Iafallo 3 (Erik Christensen 4) at 13:32 (PP)
3. Reign , Mike Amadio 3 (Markus Nutivaara 2, Nick Schmaltz 3) at 16:37
Penalties :
Nicholas Baptiste (Tor) for Roughing (Minor) at 13:21, Logan Brown (Tor) for Tripping (Minor) at 14:10
2nd period
4. Marlies , Nicholas Baptiste 3 (Johan Larsson 2) at 5:50
Penalties :
Nick Schmaltz (Ont) for Hooking (Minor) at 2:10, Lucas Carlsson (Tor) for Cross-checking (Minor) at 12:40, Nick Ritchie (Tor) for Hooking (Minor) at 18:31
3rd period
5. Marlies , Linden Vey 2 (JT Compher 3, Lucas Carlsson 3) at 2:47
6. Marlies , Linden Vey 3 (Nick Ritchie 4, Haydn Fleury 1) at 9:10
Penalties :
Linden Vey (Tor) for Holding (Minor) at 6:57, Logan Brown (Tor) for Interference (Minor) at 9:24, Matthew Tkachuk (Ont) for Delaying the game (Minor) at 13:41
Goalie Stats
Charlie Lindgren (Tor), 34 saves from 36 shots - (0.944), W, 1-0-0, 60:00 minutes
Garret Sparks (Ont), 29 saves from 33 shots - (0.879), L, 0-1-0, 60:00 minutes
Players Stats for Marlies
Player Name G A P +/- PIM S H SB GA TA FO MP PP MP PK MP
------------------------------------------------------------------------------------
Aleksi Saarela 0 0 0 0 0 2 1 0 0 0 0/2 10:07 0:00 0:59
Brett Pesce 0 0 0 0 0 2 3 2 0 1 0/0 20:49 1:40 3:38
Colton Sissons 0 0 0 2 0 3 1 0 0 1 11/23 18:52 2:04 6:29
Haydn Fleury 0 1 1 2 0 1 4 5 1 1 0/0 27:27 2:18 6:28
Jeff Corbett 0 0 0 1 0 1 0 2 0 1 0/0 11:44 0:00 0:00
Johan Larsson 0 1 1 1 0 2 4 0 0 0 0/0 13:20 0:00 2:42
JT Compher 0 1 1 0 0 2 2 0 0 0 1/1 18:02 1:54 2:47
Justin Bailey 0 0 0 1 0 1 2 1 0 0 0/2 15:10 1:54 0:00
Linden Vey 2 0 2 1 2 6 1 1 1 0 1/2 15:50 2:04 0:00
Logan Brown 0 0 0 0 4 0 3 1 0 0 4/10 13:34 0:00 0:00
Lucas Carlsson 0 1 1 1 2 0 0 1 1 0 0/0 12:19 0:00 0:00
Mathieu Olivier 0 0 0 0 0 1 1 0 0 0 0/0 8:24 0:00 0:00
Neal Pionk 0 0 0 0 0 3 1 0 3 1 0/0 20:49 1:40 3:38
Nicholas Baptiste 1 0 1 1 2 2 0 0 1 0 0/0 9:52 0:00 0:00
Nick Ritchie 1 1 2 2 2 5 1 0 2 0 0/1 19:56 2:04 4:37
Pavel Zacha 0 1 1 1 0 0 0 0 1 0 6/20 17:42 1:54 2:38
Tim Erixon 0 1 1 2 0 2 2 1 2 3 0/0 27:27 2:18 6:28
Tyler Benson 0 0 0 0 0 0 1 0 0 0 0/0 8:24 0:00 0:00
Players Stats for Reign
Player Name G A P +/- PIM S H SB GA TA FO MP PP MP PK MP
------------------------------------------------------------------------------------
Alex Iafallo 1 0 1 -3 0 4 1 1 3 0 1/2 19:45 5:31 1:16
Austin Czarnik 0 0 0 -1 0 1 2 0 1 0 0/0 11:36 0:00 0:00
Charlie McAvoy 0 0 0 -2 0 0 0 0 0 0 0/0 8:43 0:00 0:00
Christopher Tanev 0 0 0 -1 0 3 2 1 0 2 0/0 25:55 6:35 2:26
Dmitri Orlov 0 0 0 0 0 1 2 1 0 3 0/0 20:39 3:31 1:32
Erik Christensen 0 1 1 -3 0 5 3 1 2 0 18/28 27:03 5:39 2:13
Filip Hronek 0 0 0 -2 0 1 1 1 0 0 0/0 8:43 0:00 0:00
Jacob Josefson 0 0 0 -1 0 2 0 0 0 0 2/3 12:53 0:11 0:22
Jesse Puljujarvi 0 0 0 -3 0 2 1 1 0 0 2/4 19:26 5:31 0:58
Joachim Blichfeld 0 0 0 -1 0 2 0 0 0 0 0/0 11:36 0:00 0:00
Joel Eriksson Ek 0 0 0 0 0 1 0 0 0 0 3/4 7:44 0:00 0:40
Jordan Schmaltz 0 0 0 -1 0 1 1 2 0 2 0/0 25:55 6:35 2:26
Josh Anderson 0 0 0 0 0 3 2 0 0 1 1/1 7:26 0:00 0:00
Kale Clague 0 0 0 0 0 0 0 0 0 0 0/0 4:43 0:00 0:00
Logan Stanley 0 0 0 0 0 0 1 0 0 0 0/0 4:43 0:00 0:00
Markus Nutivaara 0 1 1 0 0 2 0 0 0 0 0/0 20:39 3:31 1:32
Matthew Tkachuk 0 0 0 1 2 2 1 0 0 0 0/0 18:05 4:24 0:11
Mike Amadio 1 0 1 1 0 1 0 0 0 2 11/18 20:08 4:24 2:16
Nick Schmaltz 0 1 1 1 2 5 4 0 2 2 0/1 18:05 4:24 0:00
Trent Frederic 0 0 0 0 0 0 0 0 0 0 0/0 2:13 0:14 0:00
3 Stars
1 - Linden Vey (Tor)
2 - Haydn Fleury (Tor)
3 - Nick Ritchie (Tor)
Power Play
Marlies - 0 on 2 Attempt(s) - 0.00%
Reign - 1 on 6 Attempt(s) - 16.67%
Penalty Kill
Marlies - 5 on 6 Attempt(s) - 83.33%
- Score 0 goal in Penalty Kill
Reign - 2 on 2 Attempt(s) - 100.00%
- Score 0 goal in Penalty Kill
Team Stat
Marlies - Hits : 27 - Faceoff Wins : 23 - Blocked Shots : 14 - Penalty Minutes : 12
Reign - Hits : 21 - Faceoff Wins : 38 - Blocked Shots : 8 - Penalty Minutes : 4
Official
Referees : Mitch Dunning and Marc Joannette
Linesman : James Tobias and Jesse Marquis
Game Notes
No Game Note
Finance
Level 1 -- Attendance: 1761 (88.05%) -- Ticket Income $61,635
Level 2 -- Attendance: 948 (94.80%) -- Ticket Income $14,220
Total Attendance: 2709 (90.30%)
Total Ticket Income: $75,855
Other Income: $3,793
Total Income: $79,648
Marlies
5 vs 5 Forward
Center Left Wing Right Wing Time % Phy DF OF
1 Pavel Zacha Nick Ritchie Justin Bailey 40 1 2 2
2 Logan Brown JT Compher Linden Vey 30 1 2 2
3 Colton Sissons Johan Larsson Nicholas Baptiste 20 1 2 2
4 Aleksi Saarela Tyler Benson Mathieu Olivier 10 1 2 2
5 vs 5 Defense
Defense Defense Time % Phy DF OF
1 Haydn Fleury Tim Erixon 40 1 2 2
2 Neal Pionk Brett Pesce 30 1 2 2
3 Jeff Corbett Lucas Carlsson 20 1 2 2
4 Haydn Fleury Tim Erixon 10 1 2 2
PowerPlay Forward
Center Left Wing Right Wing Time % Phy DF OF
1 Colton Sissons Nick Ritchie Linden Vey 60 1 2 2
2 Pavel Zacha JT Compher Justin Bailey 40 1 2 2
PowerPlay Defense
Defense Defense Time % Phy DF OF
1 Haydn Fleury Tim Erixon 60 1 2 2
2 Neal Pionk Brett Pesce 40 1 2 2
Penalty Kill 4 Players Forward
Center Wing Time % Phy DF OF
1 Colton Sissons Nick Ritchie 60 1 2 2
2 Pavel Zacha JT Compher 40 1 2 2
Penalty Kill 4 Players Defense
Defense Defense Time % Phy DF OF
1 Haydn Fleury Tim Erixon 60 1 2 2
2 Neal Pionk Brett Pesce 40 1 2 2
Penalty Kill - 3 Players Forward
Forward Time % Phy DF OF
1 Colton Sissons 60 1 2 2
2 Pavel Zacha 40 1 2 2
Penalty Kill - 3 Players Defense
Defense Defense Time % Phy DF OF
1 Haydn Fleury Tim Erixon 60 1 2 2
2 Neal Pionk Brett Pesce 40 1 2 2
4 vs 4 Forward
Center Wing Time % Phy DF OF
1 Colton Sissons Nick Ritchie 60 1 2 2
2 Pavel Zacha JT Compher 40 1 2 2
4 vs 4 Defense
Defense Defense Time % Phy DF OF
1 Haydn Fleury Tim Erixon 60 1 2 2
2 Neal Pionk Brett Pesce 40 1 2 2
Last Minutes Offensive
Center Left Wing Right Wing Defense Defense
Colton Sissons Nick Ritchie Linden Vey Haydn Fleury Tim Erixon
Last Minutes Defensive
Center Left Wing Right Wing Defense Defense
Colton Sissons Nick Ritchie Linden Vey Haydn Fleury Tim Erixon
Goaltenders
Starting : Charlie Lindgren
Backup : Malcolm Subban
Extra Forwards
Normal : Colton Sissons, Pavel Zacha, Nicholas Baptiste - PP : Colton Sissons, Pavel Zacha - PK : Colton Sissons
Extra Defensemen
Normal : Brett Pesce, Jeff Corbett, Lucas Carlsson - PP : Brett Pesce - PK : Brett Pesce, Jeff Corbett
Penalty Shots
Linden Vey, Nick Ritchie, JT Compher, Justin Bailey, Colton Sissons
Scratches
Brycen Martin (Healthy), Dennis Gilbert (Healthy), Henri Ikonen (Healthy), Jaden Lindo (Healthy), Jakob Forsbacka-Karlsson (Healthy)
Radovan Bondra (Healthy), Shane Prince (Healthy), Simon Bourque (Healthy), Zack MacEwen (Healthy), Otto Koivula (Healthy)
Jamie Phillips (Healthy)
Reign
5 vs 5 Forward
Center Left Wing Right Wing Time % Phy DF OF
1 Erik Christensen Alex Iafallo Jesse Puljujarvi 40 1 2 2
2 Mike Amadio Matthew Tkachuk Nick Schmaltz 30 1 2 2
3 Jacob Josefson Joachim Blichfeld Austin Czarnik 20 1 2 2
4 Joel Eriksson Ek Erik Christensen Josh Anderson 10 1 2 2
5 vs 5 Defense
Defense Defense Time % Phy DF OF
1 Christopher Tanev Jordan Schmaltz 40 1 2 2
2 Dmitri Orlov Markus Nutivaara 30 1 2 2
3 Charlie McAvoy Filip Hronek 20 1 2 2
4 Logan Stanley Kale Clague 10 1 2 2
PowerPlay Forward
Center Left Wing Right Wing Time % Phy DF OF
1 Erik Christensen Alex Iafallo Jesse Puljujarvi 60 1 2 2
2 Mike Amadio Matthew Tkachuk Nick Schmaltz 40 1 2 2
PowerPlay Defense
Defense Defense Time % Phy DF OF
1 Christopher Tanev Jordan Schmaltz 60 1 2 2
2 Dmitri Orlov Markus Nutivaara 40 1 2 2
Penalty Kill 4 Players Forward
Center Wing Time % Phy DF OF
1 Erik Christensen Mike Amadio 60 1 2 2
2 Alex Iafallo Joel Eriksson Ek 40 1 2 2
Penalty Kill 4 Players Defense
Defense Defense Time % Phy DF OF
1 Christopher Tanev Jordan Schmaltz 60 1 2 2
2 Dmitri Orlov Markus Nutivaara 40 1 2 2
Penalty Kill - 3 Players Forward
Forward Time % Phy DF OF
1 Erik Christensen 60 1 2 2
2 Mike Amadio 40 1 2 2
Penalty Kill - 3 Players Defense
Defense Defense Time % Phy DF OF
1 Christopher Tanev Jordan Schmaltz 60 1 2 2
2 Dmitri Orlov Markus Nutivaara 40 1 2 2
4 vs 4 Forward
Center Wing Time % Phy DF OF
1 Erik Christensen Mike Amadio 60 1 2 2
2 Alex Iafallo Austin Czarnik 40 1 2 2
4 vs 4 Defense
Defense Defense Time % Phy DF OF
1 Christopher Tanev Jordan Schmaltz 60 1 2 2
2 Dmitri Orlov Markus Nutivaara 40 1 2 2
Last Minutes Offensive
Center Left Wing Right Wing Defense Defense
Erik Christensen Alex Iafallo Austin Czarnik Christopher Tanev Jordan Schmaltz
Last Minutes Defensive
Center Left Wing Right Wing Defense Defense
Erik Christensen Alex Iafallo Austin Czarnik Christopher Tanev Jordan Schmaltz
Goaltenders
Starting : Garret Sparks
Backup : Jordan Binnington
Extra Forwards
Normal : Trent Frederic, Jacob Josefson, Jesse Puljujarvi - PP : Trent Frederic, Jacob Josefson - PK : Jesse Puljujarvi
Extra Defensemen
Normal : Charlie McAvoy, Filip Hronek, Logan Stanley - PP : Charlie McAvoy - PK : Filip Hronek, Logan Stanley
Penalty Shots
Erik Christensen, Mike Amadio, Alex Iafallo, Austin Czarnik, Nick Schmaltz
Scratches
Blake Lizotte (Healthy), Bokondji Imama (Healthy), Caleb Jones (Healthy), Joel Vermin (Healthy), Jordan Weal (Healthy)
Matt Roy (Healthy), Michael Ferland (Healthy), Oliver Bjorkstrand (Healthy), Phillip Danault (Healthy), Dan Renouf (Healthy)
Cal Petersen (Healthy), Carter Hart (Healthy)
% Time on Ice - Marlies
Lines # - Real PCT - Wanted PCT - Time Play
Normal Forward
1 - 30% - 40% - 13:52
2 - 31% - 30% - 14:02
3 - 21% - 20% - 9:38
4 - 18% - 10% - 8:24
Normal Defense
1 - 38% - 40% - 17:21
2 - 34% - 30% - 15:31
3 - 26% - 20% - 11:44
4 - 3% - 10% - 1:20
PP Forward
1 - 52% - 60% - 2:04
2 - 48% - 40% - 1:54
PP Defense
1 - 58% - 60% - 2:18
2 - 42% - 40% - 1:40
PK Forward
1 - 74% - 60% - 7:28
2 - 26% - 40% - 2:38
PK Defense
1 - 64% - 60% - 6:28
2 - 36% - 40% - 3:38
PK3 Forward
1 - 0% - 60%
2 - 0% - 40%
PK3 Defense
1 - 0% - 60%
2 - 0% - 40%
44 Forward
1 - 0% - 60%
2 - 0% - 40%
44 Defense
1 - 0% - 60%
2 - 0% - 40%
Last Minute Offensive - 0:00
Last Minute Defensive - 0:00
Total
Forward - 60:00
Defense - 60:00
|
% Time on Ice - Reign
Lines # - Real PCT - Wanted PCT - Time Play
Normal Forward
1 - 31% - 40% - 14:01
2 - 29% - 30% - 13:23
3 - 25% - 20% - 11:36
4 - 15% - 10% - 6:56
Normal Defense
1 - 37% - 40% - 16:54
2 - 34% - 30% - 15:36
3 - 19% - 20% - 8:43
4 - 10% - 10% - 4:43
PP Forward
1 - 56% - 60% - 5:42
2 - 44% - 40% - 4:24
PP Defense
1 - 65% - 60% - 6:35
2 - 35% - 40% - 3:31
PK Forward
1 - 83% - 60% - 3:18
2 - 17% - 40% - 0:40
PK Defense
1 - 61% - 60% - 2:26
2 - 39% - 40% - 1:32
PK3 Forward
1 - 0% - 60%
2 - 0% - 40%
PK3 Defense
1 - 0% - 60%
2 - 0% - 40%
44 Forward
1 - 0% - 60%
2 - 0% - 40%
44 Defense
1 - 0% - 60%
2 - 0% - 40%
Last Minute Offensive - 0:00
Last Minute Defensive - 0:00
Total
Forward - 60:00
Defense - 60:00
|
Play-by-Play
1st period
0:01 of 1st period - Erik Christensen wins face-off versus Justin Bailey in neutral zone.
1:36 of 1st period - Dmitri Orlov is hit by Brett Pesce and loses puck.
2:15 of 1st period - Nick Schmaltz is hit by Johan Larsson and loses puck.
3:38 of 1st period - Joachim Blichfeld is hit by Nick Ritchie and loses puck.
3:45 of 1st period - Slapshot by Justin Bailey.
3:45 of 1st period - Shot Blocked by Filip Hronek.
3:57 of 1st period - Erik Christensen is hit by Mathieu Olivier and loses puck.
4:12 of 1st period - Tyler Benson is hit by Logan Stanley and loses puck.
4:45 of 1st period - Snap shot by Linden Vey.
4:45 of 1st period - Deflect By JT Compher.
4:45 of 1st period - Shot Misses the Net.
4:45 of 1st period - Puck is out of play.
4:46 of 1st period - Logan Brown wins face-off versus Jacob Josefson in Reign zone.
4:53 of 1st period - Wrist shot by Jacob Josefson.
4:53 of 1st period - Stopped by Charlie Lindgren with a rebound.
5:11 of 1st period - Jordan Schmaltz is hit by Tim Erixon and loses puck.
5:47 of 1st period - Icing by Dmitri Orlov.
5:48 of 1st period - Jacob Josefson wins face-off versus Aleksi Saarela in Reign zone.
6:33 of 1st period - Snap shot by Aleksi Saarela.
6:33 of 1st period - Shot Misses the Net.
6:35 of 1st period - Snap shot by Tim Erixon.
6:35 of 1st period - Shot Misses the Net.
7:01 of 1st period - Slapshot by Tim Erixon.
7:01 of 1st period - Shot Misses the Net.
7:11 of 1st period - Wrist shot by Tyler Benson.
7:11 of 1st period - Deflect By Aleksi Saarela.
7:11 of 1st period - Stopped by Garret Sparks without a rebound.
7:12 of 1st period - Erik Christensen wins face-off versus Pavel Zacha in Reign zone.
7:37 of 1st period - Neal Pionk is hit by Nick Schmaltz and loses puck.
7:46 of 1st period - Backhand shot by Matthew Tkachuk.
7:46 of 1st period - Shot Blocked by Brett Pesce.
7:48 of 1st period - Snap shot by Mike Amadio.
7:48 of 1st period - Shot Misses the Net.
7:57 of 1st period - Off-side.
7:58 of 1st period - Colton Sissons wins face-off versus Erik Christensen in neutral zone.
8:19 of 1st period - Johan Larsson is hit by Josh Anderson and loses puck.
8:26 of 1st period - Jeff Corbett is hit by Josh Anderson and loses puck.
8:39 of 1st period - Wrist shot by Colton Sissons.
8:39 of 1st period - Shot Misses the Net.
8:43 of 1st period - Wrist shot by Nicholas Baptiste.
8:43 of 1st period - Deflect By Johan Larsson.
8:43 of 1st period - Stopped by Garret Sparks without a rebound.
8:44 of 1st period - Mike Amadio wins face-off versus Pavel Zacha in Reign zone.
8:51 of 1st period - Snap shot by Nick Schmaltz.
8:51 of 1st period - Shot Blocked by Haydn Fleury.
9:09 of 1st period - Charlie McAvoy is hit by JT Compher and loses puck.
9:16 of 1st period - Wrist shot by Linden Vey.
9:16 of 1st period - Stopped by Garret Sparks with a rebound.
9:53 of 1st period - Snap shot by Nick Ritchie.
9:53 of 1st period - Stopped by Garret Sparks without a rebound.
9:54 of 1st period - Erik Christensen wins face-off versus Pavel Zacha in Reign zone.
10:17 of 1st period - Jordan Schmaltz is hit by Tim Erixon and loses puck.
10:27 of 1st period - Slapshot by Jeff Corbett.
10:27 of 1st period - Stopped by Garret Sparks with a rebound.
10:43 of 1st period - Snap shot by Joachim Blichfeld.
10:43 of 1st period - Shot Misses the Net.
10:45 of 1st period - Slapshot by Christopher Tanev.
10:45 of 1st period - Shot Blocked by Jeff Corbett.
10:47 of 1st period - Slapshot by Christopher Tanev.
10:47 of 1st period - Stopped by Charlie Lindgren without a rebound.
10:48 of 1st period - Pavel Zacha wins face-off versus Erik Christensen in Marlies zone.
10:55 of 1st period - Wrist shot by Nick Ritchie.
10:55 of 1st period - Stopped by Garret Sparks with a rebound.
10:57 of 1st period - Slapshot by Tim Erixon.
10:57 of 1st period - Stopped by Garret Sparks without a rebound.
10:58 of 1st period - Erik Christensen wins face-off versus Pavel Zacha in Reign zone.
11:09 of 1st period - Wrist shot by Nick Ritchie.
11:09 of 1st period - Goal by Nick Ritchie - Marlies : 1 - Reign : 0.
11:10 of 1st period - Jesse Puljujarvi wins face-off versus Pavel Zacha in neutral zone.
11:23 of 1st period - Erik Christensen is hit by Haydn Fleury and loses puck.
13:21 of 1st period - Minor Penalty to Nicholas Baptiste for Roughing.
13:22 of 1st period - Colton Sissons wins face-off versus Erik Christensen in Marlies zone.
13:22 of 1st period - Colton Sissons is hit by Erik Christensen.
13:32 of 1st period - Wrist shot by Erik Christensen.
13:32 of 1st period - Deflect By Alex Iafallo.
13:32 of 1st period - Goal by Alex Iafallo - Marlies : 1 - Reign : 1.
13:33 of 1st period - Erik Christensen wins face-off versus Pavel Zacha in neutral zone.
13:36 of 1st period - Slapshot by Jesse Puljujarvi.
13:36 of 1st period - Shot Misses the Net.
13:38 of 1st period - Snap shot by Erik Christensen.
13:38 of 1st period - Stopped by Charlie Lindgren with a rebound.
13:40 of 1st period - Snap shot by Erik Christensen.
13:40 of 1st period - Shot Blocked by Haydn Fleury.
13:42 of 1st period - Snap shot by Alex Iafallo.
13:42 of 1st period - Shot Misses the Net.
13:44 of 1st period - Wrist shot by Jesse Puljujarvi.
13:44 of 1st period - Stopped by Charlie Lindgren with a rebound.
13:46 of 1st period - Slapshot by Alex Iafallo.
13:46 of 1st period - Shot Blocked by Haydn Fleury.
13:48 of 1st period - Slapshot by Erik Christensen.
13:48 of 1st period - Stopped by Charlie Lindgren without a rebound.
13:49 of 1st period - Mike Amadio wins face-off versus Logan Brown in Marlies zone.
14:02 of 1st period - Snap shot by Nick Schmaltz.
14:02 of 1st period - Shot Blocked by Haydn Fleury.
14:04 of 1st period - Slapshot by Filip Hronek.
14:04 of 1st period - Stopped by Charlie Lindgren with a rebound.
14:10 of 1st period - Minor Penalty to Logan Brown for Tripping.
14:11 of 1st period - Colton Sissons wins face-off versus Erik Christensen in Marlies zone.
14:20 of 1st period - Slapshot by Colton Sissons.
14:20 of 1st period - Shot Misses the Net.
16:10 of 1st period - Penalty to Logan Brown is over, Logan Brown is back on ice.
16:11 of 1st period - Icing by Matthew Tkachuk.
16:12 of 1st period - Linden Vey wins face-off versus Mike Amadio in Reign zone.
16:27 of 1st period - Slapshot by Markus Nutivaara.
16:27 of 1st period - Stopped by Charlie Lindgren with a rebound.
16:29 of 1st period - Wrist shot by Nick Schmaltz.
16:29 of 1st period - Shot Misses the Net.
16:33 of 1st period - Wrist shot by Nick Schmaltz.
16:33 of 1st period - Stopped by Charlie Lindgren with a rebound.
16:35 of 1st period - Slapshot by Markus Nutivaara.
16:35 of 1st period - Shot Misses the Net.
16:37 of 1st period - Snap shot by Mike Amadio.
16:37 of 1st period - Goal by Mike Amadio - Marlies : 1 - Reign : 2.
16:38 of 1st period - Erik Christensen wins face-off versus Pavel Zacha in neutral zone.
17:03 of 1st period - Joachim Blichfeld is hit by Linden Vey and loses puck.
17:08 of 1st period - Wrist shot by JT Compher.
17:08 of 1st period - Stopped by Garret Sparks without a rebound.
17:09 of 1st period - JT Compher wins face-off versus Alex Iafallo in Reign zone.
17:10 of 1st period - Backhand shot by Linden Vey.
17:10 of 1st period - Stopped by Garret Sparks with a rebound.
17:43 of 1st period - Slapshot by Nick Ritchie.
17:43 of 1st period - Stopped by Garret Sparks without a rebound.
17:44 of 1st period - Erik Christensen wins face-off versus Pavel Zacha in Reign zone.
17:44 of 1st period - Erik Christensen is hit by Justin Bailey.
17:54 of 1st period - Snap shot by Alex Iafallo.
17:54 of 1st period - Shot Misses the Net.
17:56 of 1st period - Slapshot by Christopher Tanev.
17:56 of 1st period - Shot Blocked by Justin Bailey.
17:58 of 1st period - Snap shot by Christopher Tanev.
17:58 of 1st period - Shot Misses the Net.
18:10 of 1st period - Nick Schmaltz is hit by Haydn Fleury and loses puck.
18:49 of 1st period - Haydn Fleury is hit by Erik Christensen and loses puck.
19:00 of 1st period - Wrist shot by Aleksi Saarela.
19:00 of 1st period - Deflect By Josh Anderson.
19:00 of 1st period - Stopped by Garret Sparks with a rebound.
19:14 of 1st period - Nick Schmaltz is hit by Justin Bailey and loses puck.
19:31 of 1st period - Linden Vey is hit by Dmitri Orlov and loses puck.
19:54 of 1st period - Alex Iafallo is hit by Neal Pionk and loses puck.
Goals for this period are 1 for Marlies vs 2 for Reign.
Shots for this period are 12 for Marlies vs 10 for Reign.
2nd period
0:01 of 2nd period - Pavel Zacha wins face-off versus Jesse Puljujarvi in neutral zone.
0:36 of 2nd period - Snap shot by Linden Vey.
0:36 of 2nd period - Shot Blocked by Jordan Schmaltz.
0:46 of 2nd period - Neal Pionk is hit by Jordan Schmaltz and loses puck.
0:57 of 2nd period - Slapshot by Joachim Blichfeld.
0:57 of 2nd period - Shot Misses the Net.
1:28 of 2nd period - Nick Ritchie is hit by Nick Schmaltz.
1:48 of 2nd period - Icing by Jeff Corbett.
1:49 of 2nd period - Mike Amadio wins face-off versus Linden Vey in Marlies zone.
2:10 of 2nd period - Minor Penalty to Nick Schmaltz for Hooking.
2:11 of 2nd period - Erik Christensen wins face-off versus Colton Sissons in Reign zone.
2:17 of 2nd period - Icing by Colton Sissons.
2:18 of 2nd period - Colton Sissons wins face-off versus Erik Christensen in Marlies zone.
2:50 of 2nd period - Wrist shot by Pavel Zacha.
2:50 of 2nd period - Shot Misses the Net.
4:10 of 2nd period - Penalty to Nick Schmaltz is over, Nick Schmaltz is back on ice.
5:06 of 2nd period - Snap shot by Jacob Josefson.
5:06 of 2nd period - Deflect By Josh Anderson.
5:06 of 2nd period - Stopped by Charlie Lindgren without a rebound.
5:07 of 2nd period - Josh Anderson wins face-off versus Aleksi Saarela in Marlies zone.
5:31 of 2nd period - Nick Ritchie is hit by Austin Czarnik and loses puck.
5:48 of 2nd period - Slapshot by Nicholas Baptiste.
5:48 of 2nd period - Shot Blocked by Alex Iafallo.
5:50 of 2nd period - Wrist shot by Nicholas Baptiste.
5:50 of 2nd period - Goal by Nicholas Baptiste - Marlies : 2 - Reign : 2.
5:51 of 2nd period - Pavel Zacha wins face-off versus Mike Amadio in neutral zone.
6:24 of 2nd period - Slapshot by Nicholas Baptiste.
6:24 of 2nd period - Shot Misses the Net.
6:26 of 2nd period - Slapshot by Tim Erixon.
6:26 of 2nd period - Stopped by Garret Sparks without a rebound.
6:27 of 2nd period - Erik Christensen wins face-off versus Pavel Zacha in Reign zone.
6:27 of 2nd period - Erik Christensen is hit by Brett Pesce.
6:39 of 2nd period - Snap shot by Alex Iafallo.
6:39 of 2nd period - Stopped by Charlie Lindgren with a rebound.
7:33 of 2nd period - Haydn Fleury is hit by Matthew Tkachuk and loses puck.
7:52 of 2nd period - Justin Bailey is hit by Alex Iafallo and loses puck.
8:14 of 2nd period - Snap shot by Linden Vey.
8:14 of 2nd period - Stopped by Garret Sparks with a rebound.
8:46 of 2nd period - Snap shot by Alex Iafallo.
8:46 of 2nd period - Stopped by Charlie Lindgren with a rebound.
8:48 of 2nd period - Wrist shot by Jesse Puljujarvi.
8:48 of 2nd period - Shot Misses the Net.
8:50 of 2nd period - Wrist shot by Logan Stanley.
8:50 of 2nd period - Shot Blocked by Lucas Carlsson.
8:52 of 2nd period - Snap shot by Jesse Puljujarvi.
8:52 of 2nd period - Stopped by Charlie Lindgren without a rebound.
8:53 of 2nd period - Mike Amadio wins face-off versus Justin Bailey in Marlies zone.
8:54 of 2nd period - Snap shot by Matthew Tkachuk.
8:54 of 2nd period - Stopped by Charlie Lindgren with a rebound.
8:56 of 2nd period - Wrist shot by Matthew Tkachuk.
8:56 of 2nd period - Deflect By Mike Amadio.
8:56 of 2nd period - Shot Blocked by Brett Pesce.
8:56 of 2nd period - Puck is out of play.
8:57 of 2nd period - Pavel Zacha wins face-off versus Mike Amadio in Marlies zone.
10:10 of 2nd period - Snap shot by Aleksi Saarela.
10:10 of 2nd period - Shot Misses the Net.
10:12 of 2nd period - Slapshot by Brett Pesce.
10:12 of 2nd period - Shot Misses the Net.
10:14 of 2nd period - Snap shot by Tyler Benson.
10:14 of 2nd period - Shot Blocked by Dmitri Orlov.
10:16 of 2nd period - Slapshot by Neal Pionk.
10:16 of 2nd period - Stopped by Garret Sparks without a rebound.
10:17 of 2nd period - Mike Amadio wins face-off versus Pavel Zacha in Reign zone.
10:32 of 2nd period - Slapshot by Justin Bailey.
10:32 of 2nd period - Stopped by Garret Sparks with a rebound.
10:53 of 2nd period - Snap shot by Linden Vey.
10:53 of 2nd period - Shot Blocked by Jesse Puljujarvi.
12:25 of 2nd period - Snap shot by Colton Sissons.
12:25 of 2nd period - Shot Misses the Net.
12:27 of 2nd period - Snap shot by Neal Pionk.
12:27 of 2nd period - Stopped by Garret Sparks without a rebound.
12:28 of 2nd period - Mike Amadio wins face-off versus Colton Sissons in Reign zone.
12:40 of 2nd period - Minor Penalty to Lucas Carlsson for Cross-checking.
12:41 of 2nd period - Colton Sissons wins face-off versus Nick Schmaltz in Marlies zone.
12:57 of 2nd period - Snap shot by Matthew Tkachuk.
12:57 of 2nd period - Deflect By Mike Amadio.
12:57 of 2nd period - Shot Misses the Net.
12:57 of 2nd period - Puck is out of play.
12:58 of 2nd period - Erik Christensen wins face-off versus Nick Ritchie in Marlies zone.
13:38 of 2nd period - Snap shot by Matthew Tkachuk.
13:38 of 2nd period - Stopped by Charlie Lindgren without a rebound.
13:39 of 2nd period - Erik Christensen wins face-off versus Colton Sissons in Marlies zone.
13:46 of 2nd period - Slapshot by Markus Nutivaara.
13:46 of 2nd period - Shot Misses the Net.
13:48 of 2nd period - Snap shot by Erik Christensen.
13:48 of 2nd period - Shot Blocked by Haydn Fleury.
13:50 of 2nd period - Snap shot by Erik Christensen.
13:50 of 2nd period - Stopped by Charlie Lindgren with a rebound.
13:52 of 2nd period - Wrist shot by Jesse Puljujarvi.
13:52 of 2nd period - Shot Blocked by Tim Erixon.
14:11 of 2nd period - Neal Pionk is hit by Nick Schmaltz and loses puck.
14:40 of 2nd period - Penalty to Lucas Carlsson is over, Lucas Carlsson is back on ice.
15:21 of 2nd period - Matthew Tkachuk is hit by Brett Pesce and loses puck.
15:40 of 2nd period - Icing by Logan Stanley.
15:41 of 2nd period - Joel Eriksson Ek wins face-off versus Pavel Zacha in Reign zone.
16:04 of 2nd period - Wrist shot by Josh Anderson.
16:04 of 2nd period - Stopped by Charlie Lindgren with a rebound.
16:06 of 2nd period - Snap shot by Joel Eriksson Ek.
16:06 of 2nd period - Stopped by Charlie Lindgren with a rebound.
16:08 of 2nd period - Snap shot by Josh Anderson.
16:08 of 2nd period - Stopped by Charlie Lindgren without a rebound.
16:09 of 2nd period - Mike Amadio wins face-off versus Logan Brown in Marlies zone.
16:41 of 2nd period - Slapshot by Markus Nutivaara.
16:41 of 2nd period - Shot Misses the Net.
16:43 of 2nd period - Snap shot by Joachim Blichfeld.
16:43 of 2nd period - Stopped by Charlie Lindgren with a rebound.
16:53 of 2nd period - Backhand shot by Nicholas Baptiste.
16:53 of 2nd period - Deflect By Alex Iafallo.
16:53 of 2nd period - Stopped by Garret Sparks with a rebound.
16:55 of 2nd period - Wrist shot by Nicholas Baptiste.
16:55 of 2nd period - Shot Blocked by Jordan Schmaltz.
16:57 of 2nd period - Slapshot by Johan Larsson.
16:57 of 2nd period - Shot Misses the Net.
17:18 of 2nd period - Jesse Puljujarvi is hit by Logan Brown and loses puck.
17:45 of 2nd period - Jordan Schmaltz is hit by Aleksi Saarela and loses puck.
18:03 of 2nd period - Jordan Schmaltz is hit by Tyler Benson and loses puck.
18:16 of 2nd period - Slapshot by Nick Schmaltz.
18:16 of 2nd period - Stopped by Charlie Lindgren without a rebound.
18:17 of 2nd period - Jacob Josefson wins face-off versus Pavel Zacha in Marlies zone.
18:24 of 2nd period - Wrist shot by Austin Czarnik.
18:24 of 2nd period - Shot Misses the Net.
18:31 of 2nd period - Minor Penalty to Nick Ritchie for Hooking.
18:32 of 2nd period - Erik Christensen wins face-off versus Colton Sissons in Marlies zone.
18:32 of 2nd period - Slapshot by Markus Nutivaara.
18:32 of 2nd period - Shot Misses the Net.
18:55 of 2nd period - Icing by Dmitri Orlov.
18:56 of 2nd period - Erik Christensen wins face-off versus Colton Sissons in Reign zone.
19:02 of 2nd period - Icing by Matthew Tkachuk.
19:03 of 2nd period - Colton Sissons wins face-off versus Mike Amadio in Reign zone.
19:08 of 2nd period - Snap shot by Johan Larsson.
19:08 of 2nd period - Deflect By Colton Sissons.
19:08 of 2nd period - Shot Misses the Net.
19:08 of 2nd period - Puck is out of play.
19:09 of 2nd period - Alex Iafallo wins face-off versus Colton Sissons in Reign zone.
Goals for this period are 1 for Marlies vs 0 for Reign.
Shots for this period are 7 for Marlies vs 12 for Reign.
3rd period
0:01 of 3rd period - Colton Sissons wins face-off versus Erik Christensen in neutral zone.
0:31 of 3rd period - Penalty to Nick Ritchie is over, Nick Ritchie is back on ice.
0:32 of 3rd period - Wrist shot by Nick Schmaltz.
0:32 of 3rd period - Stopped by Charlie Lindgren without a rebound.
0:33 of 3rd period - Mike Amadio wins face-off versus Pavel Zacha in Marlies zone.
0:34 of 3rd period - Backhand shot by Nick Schmaltz.
0:34 of 3rd period - Shot Misses the Net.
0:36 of 3rd period - Snap shot by Dmitri Orlov.
0:36 of 3rd period - Shot Misses the Net.
0:46 of 3rd period - Wrist shot by Nick Schmaltz.
0:46 of 3rd period - Stopped by Charlie Lindgren with a rebound.
0:48 of 3rd period - Snap shot by Nick Schmaltz.
0:48 of 3rd period - Stopped by Charlie Lindgren without a rebound.
0:49 of 3rd period - Logan Brown wins face-off versus Erik Christensen in Marlies zone.
0:49 of 3rd period - Logan Brown is hit by Jesse Puljujarvi.
1:01 of 3rd period - Jordan Schmaltz is hit by JT Compher and loses puck.
1:10 of 3rd period - Jordan Schmaltz is hit by Logan Brown and loses puck.
2:26 of 3rd period - Icing by JT Compher.
2:27 of 3rd period - Erik Christensen wins face-off versus Logan Brown in Marlies zone.
2:34 of 3rd period - Erik Christensen is hit by Logan Brown and loses puck.
2:47 of 3rd period - Snap shot by Linden Vey.
2:47 of 3rd period - Goal by Linden Vey - Marlies : 3 - Reign : 2.
2:48 of 3rd period - Pavel Zacha wins face-off versus Erik Christensen in neutral zone.
2:51 of 3rd period - Snap shot by Haydn Fleury.
2:51 of 3rd period - Deflect By Markus Nutivaara.
2:51 of 3rd period - Stopped by Garret Sparks without a rebound.
2:52 of 3rd period - Erik Christensen wins face-off versus Pavel Zacha in Reign zone.
3:00 of 3rd period - Dmitri Orlov is hit by Haydn Fleury and loses puck.
3:48 of 3rd period - Snap shot by Alex Iafallo.
3:48 of 3rd period - Shot Misses the Net.
4:03 of 3rd period - Markus Nutivaara is hit by Haydn Fleury.
4:05 of 3rd period - Wrist shot by Alex Iafallo.
4:05 of 3rd period - Stopped by Charlie Lindgren without a rebound.
4:06 of 3rd period - Mike Amadio wins face-off versus Logan Brown in Marlies zone.
4:17 of 3rd period - Slapshot by Brett Pesce.
4:17 of 3rd period - Stopped by Garret Sparks with a rebound.
4:19 of 3rd period - Slapshot by Linden Vey.
4:19 of 3rd period - Shot Blocked by Christopher Tanev.
4:21 of 3rd period - Slapshot by Neal Pionk.
4:21 of 3rd period - Stopped by Garret Sparks with a rebound.
4:59 of 3rd period - Snap shot by Jacob Josefson.
4:59 of 3rd period - Stopped by Charlie Lindgren with a rebound.
5:01 of 3rd period - Snap shot by Christopher Tanev.
5:01 of 3rd period - Stopped by Charlie Lindgren with a rebound.
5:03 of 3rd period - Slapshot by Christopher Tanev.
5:03 of 3rd period - Stopped by Charlie Lindgren with a rebound.
5:05 of 3rd period - Slapshot by Jordan Schmaltz.
5:05 of 3rd period - Stopped by Charlie Lindgren with a rebound.
5:07 of 3rd period - Slapshot by Jordan Schmaltz.
5:07 of 3rd period - Shot Blocked by Jeff Corbett.
5:09 of 3rd period - Snap shot by Joachim Blichfeld.
5:09 of 3rd period - Stopped by Charlie Lindgren without a rebound.
5:10 of 3rd period - Logan Brown wins face-off versus Mike Amadio in Marlies zone.
5:23 of 3rd period - Snap shot by Nick Schmaltz.
5:23 of 3rd period - Shot Blocked by Linden Vey.
5:25 of 3rd period - Snap shot by Nick Schmaltz.
5:25 of 3rd period - Shot Blocked by Logan Brown.
5:35 of 3rd period - Josh Anderson is hit by Colton Sissons and loses puck.
5:39 of 3rd period - Icing by Filip Hronek.
5:40 of 3rd period - Joel Eriksson Ek wins face-off versus Colton Sissons in Reign zone.
5:51 of 3rd period - Snap shot by Nicholas Baptiste.
5:51 of 3rd period - Shot Blocked by Erik Christensen.
6:23 of 3rd period - Erik Christensen is hit by Johan Larsson and loses puck.
6:29 of 3rd period - Icing by Joel Eriksson Ek.
6:30 of 3rd period - Pavel Zacha wins face-off versus Joel Eriksson Ek in Reign zone.
6:53 of 3rd period - Slapshot by Markus Nutivaara.
6:53 of 3rd period - Stopped by Charlie Lindgren without a rebound.
6:54 of 3rd period - Logan Brown wins face-off versus Mike Amadio in Marlies zone.
6:54 of 3rd period - Logan Brown is hit by Christopher Tanev.
6:57 of 3rd period - Minor Penalty to Linden Vey for Holding.
6:58 of 3rd period - Colton Sissons wins face-off versus Mike Amadio in Marlies zone.
7:10 of 3rd period - Snap shot by Colton Sissons.
7:10 of 3rd period - Stopped by Garret Sparks without a rebound.
7:11 of 3rd period - Colton Sissons wins face-off versus Erik Christensen in Reign zone.
7:55 of 3rd period - Wrist shot by Erik Christensen.
7:55 of 3rd period - Stopped by Charlie Lindgren without a rebound.
7:56 of 3rd period - Mike Amadio wins face-off versus Colton Sissons in Marlies zone.
8:57 of 3rd period - Penalty to Linden Vey is over, Linden Vey is back on ice.
9:10 of 3rd period - Snap shot by Linden Vey.
9:10 of 3rd period - Goal by Linden Vey - Marlies : 4 - Reign : 2.
9:11 of 3rd period - Erik Christensen wins face-off versus Logan Brown in neutral zone.
9:24 of 3rd period - Minor Penalty to Logan Brown for Interference.
9:25 of 3rd period - Colton Sissons wins face-off versus Jesse Puljujarvi in Marlies zone.
9:39 of 3rd period - Wrist shot by Erik Christensen.
9:39 of 3rd period - Shot Misses the Net.
10:31 of 3rd period - Snap shot by Erik Christensen.
10:31 of 3rd period - Stopped by Charlie Lindgren without a rebound.
10:32 of 3rd period - Mike Amadio wins face-off versus Colton Sissons in Marlies zone.
10:41 of 3rd period - Slapshot by Dmitri Orlov.
10:41 of 3rd period - Stopped by Charlie Lindgren with a rebound.
11:15 of 3rd period - Brett Pesce is hit by Erik Christensen and loses puck.
11:24 of 3rd period - Penalty to Logan Brown is over, Logan Brown is back on ice.
11:36 of 3rd period - Slapshot by Neal Pionk.
11:36 of 3rd period - Shot Misses the Net.
11:41 of 3rd period - Off-side.
11:42 of 3rd period - Joel Eriksson Ek wins face-off versus Logan Brown in neutral zone.
12:09 of 3rd period - Nick Ritchie is hit by Filip Hronek and loses puck.
12:14 of 3rd period - Wrist shot by Austin Czarnik.
12:14 of 3rd period - Deflect By Pavel Zacha.
12:14 of 3rd period - Stopped by Charlie Lindgren without a rebound.
12:15 of 3rd period - Erik Christensen wins face-off versus Colton Sissons in Marlies zone.
12:40 of 3rd period - Pavel Zacha is hit by Nick Schmaltz and loses puck.
13:03 of 3rd period - Snap shot by Linden Vey.
13:03 of 3rd period - Stopped by Garret Sparks with a rebound.
13:07 of 3rd period - Wrist shot by Linden Vey.
13:07 of 3rd period - Shot Misses the Net.
13:41 of 3rd period - Minor Penalty to Matthew Tkachuk for Delaying the game.
13:42 of 3rd period - Colton Sissons wins face-off versus Erik Christensen in Reign zone.
13:45 of 3rd period - Wrist shot by Linden Vey.
13:45 of 3rd period - Shot Misses the Net.
13:47 of 3rd period - Slapshot by Tim Erixon.
13:47 of 3rd period - Deflect By Nick Ritchie.
13:47 of 3rd period - Stopped by Garret Sparks without a rebound.
13:48 of 3rd period - Erik Christensen wins face-off versus Colton Sissons in Reign zone.
15:16 of 3rd period - Justin Bailey is hit by Christopher Tanev and loses puck.
15:23 of 3rd period - Slapshot by Brett Pesce.
15:23 of 3rd period - Deflect By Jordan Schmaltz.
15:23 of 3rd period - Stopped by Garret Sparks with a rebound.
15:25 of 3rd period - Slapshot by Haydn Fleury.
15:25 of 3rd period - Shot Misses the Net.
15:27 of 3rd period - Slapshot by Pavel Zacha.
15:27 of 3rd period - Shot Misses the Net.
15:29 of 3rd period - Slapshot by Haydn Fleury.
15:29 of 3rd period - Deflect By JT Compher.
15:29 of 3rd period - Stopped by Garret Sparks without a rebound.
15:30 of 3rd period - Jesse Puljujarvi wins face-off versus Colton Sissons in Reign zone.
15:41 of 3rd period - Penalty to Matthew Tkachuk is over, Matthew Tkachuk is back on ice.
16:00 of 3rd period - Snap shot by Tim Erixon.
16:00 of 3rd period - Shot Misses the Net.
16:02 of 3rd period - Snap shot by Mathieu Olivier.
16:02 of 3rd period - Stopped by Garret Sparks with a rebound.
16:04 of 3rd period - Slapshot by Aleksi Saarela.
16:04 of 3rd period - Shot Misses the Net.
16:31 of 3rd period - Logan Stanley is hit by Johan Larsson and loses puck.
17:10 of 3rd period - Brett Pesce is hit by Austin Czarnik and loses puck.
18:57 of 3rd period - Erik Christensen is hit by Johan Larsson and loses puck.
19:04 of 3rd period - Wrist shot by Johan Larsson.
19:04 of 3rd period - Stopped by Garret Sparks with a rebound.
19:06 of 3rd period - Snap shot by Colton Sissons.
19:06 of 3rd period - Stopped by Garret Sparks with a rebound.
19:08 of 3rd period - Wrist shot by Nicholas Baptiste.
19:08 of 3rd period - Deflect By Colton Sissons.
19:08 of 3rd period - Stopped by Garret Sparks with a rebound.
19:30 of 3rd period - Lucas Carlsson is hit by Dmitri Orlov and loses puck.
Goals for this period are 2 for Marlies vs 0 for Reign.
Shots for this period are 14 for Marlies vs 14 for Reign.
Output by the SimonT Hockey Simulator (STHS) for Francois Prevost